 Dungeon Crawl Stone Soup version 0.26-a0-658-gbdda728c12 (webtiles) character file.

Game seed: 4024747369599353367

226 tacoguy the Conjurer (level 5, 0/28 HPs)
             Began as a Deep Elf Conjurer on Oct 4, 2020.
             Killed from afar by Sigmund (6 damage)
             ... with a magic dart
             ... on level 3 of the Dungeon.
             The game lasted 00:18:16 (2717 turns).

tacoguy the Conjurer (Deep Elf Conjurer)            Turns: 2717, Time: 00:18:16

Health: 0/28       AC:  5    Str:  4    XL:     5   Next: 69%
Magic:  4/22       EV: 13    Int: 24    God:
Gold:   150        SH:  0    Dex: 13    Spells: 6/15 levels left

rFire    . . .     SeeInvis .   k - +1 dagger (speed)
rCold    . . .     Faith    .   (no shield)
rNeg     + . .     Spirit   .   c - +2 robe {rN+}
rPois    +         Reflect  .   d - +0 helmet
rElec    .         Harm     .   (no cloak)
rCorr    .         Rampage  .   (no gloves)
MR       .....                  (no boots)
Stlth    ++........             (no amulet)
HPRegen  0.09/turn              e - ring of magical power
MPRegen  0.18/turn              (no ring)

@: no status effects
A: low mp 1, poison resistance, MP-powered wands
a: no special abilities


You were on level 3 of the Dungeon.
You visited 1 branch of the dungeon, and saw 3 of its levels.

You collected 150 gold pieces.

Inventory:

Hand Weapons
 k - a +1 dagger of speed (weapon)
Missiles
 a - 2 javelins (quivered)
Armour
 c - a +2 robe of positive energy (worn)
 d - a +0 helmet (worn)
Jewellery
 e - a ring of magical power (left hand)
 h - an uncursed amulet of reflection
Potions
 f - a potion of flight {unknown}
 j - a potion of brilliance {unknown}


   Skills:
 - Level 2.7 Dodging
 - Level 2.5 Stealth
 * Level 5.6 Spellcasting
 * Level 6.4 Conjurations


You had 6 spell levels left.
You knew the following spells:

 Your Spells              Type           Power        Failure   Level
a - Magic Dart            Conj           ####         1%          1
b - Fulminant Prism       Conj/Hex       ###.......   22%         4
c - Iskenderun's Mystic   Conj/Tloc      ###.....     22%         4

Your spell library contained the following spells:

 Spells                   Type           Power        Failure   Level
 Searing Ray              Conj           #####.       1%          2
 Dazzling Flash           Conj/Hex       ###...       7%          3


Dungeon Overview and Level Annotations

Branches:
Dungeon (3/15)

Altars:

Annotations:
D:3 Sigmund


Innate Abilities, Weirdness & Mutations

Your magical capacity is low. (-10% MP)
Your system is resistant to poisons. (rPois)
You expend magic power (3 MP) to strengthen your wands.


Message History

Something hits your fulminant prism!
Your fulminant prism explodes!
The blast of energy engulfs something!
Your magical contamination has completely faded away.
There is a strange disturbance nearby!
Casting: Fulminant Prism (extremely dangerous; 22% risk of failure)
Confirm with . or Enter, or press ? or * to list all spells.
The spell is extremely dangerous to cast (22% risk of failure)!
Continue anyway?
Press: ? - help, Dir - move target cursor You conjure a prism of explosive energy!
A fulminant prism comes into view.
Your fulminant prism crackles loudly.
A magic dart appears from out of thin air!
The magic dart hits your fulminant prism.
Your fulminant prism explodes!
The blast of energy engulfs something!
You hear an angry hiss.
A magic dart appears from out of thin air!
The magic dart hits you.
You die...

###### #.#####.#
####.# ####.#.....#
#....# ##...{..#####
....## #....####
.######### ###......#
.........###........#
.#######............#
.# ###..........# .#
###...#..@...# .#
#..>###......# .##
####.#.# #.(....# ...
#......# ####.###
##.##.#.(.## .# #...
#.### .# .##..##.####
.# .....).....# .#
#..........#


There were no monsters in sight!

Vanquished Creatures
  A bullfrog (D:2)
  An orc priest (D:3)
  A gnoll (D:1)
  3 adders (D:2)
  An ufetubus (D:3)
  2 oozes
  3 worms (D:2)
  6 orcs (D:3)
  7 bats
  2 giant cockroaches
  11 goblins
  4 hobgoblins (D:2)
  3 jackals (D:1)
  A quokka (D:3)
  4 frilled lizards
  7 kobolds
  8 rats
65 creatures vanquished.

Vanquished Creatures (others)
  10 fulminant prisms
10 creatures vanquished.

Grand Total: 75 creatures vanquished

Notes
Turn   | Place    | Note
-------+----------+-------------------------------------------
     0 | D:1      | tacoguy the Deep Elf Conjurer began the quest for the Orb.
     0 | D:1      | Reached XP level 1. HP: 10/10 MP: 6/6
   203 | D:1      | Reached XP level 2. HP: 15/15 MP: 4/8
   418 | D:1      | Reached skill level 5 in Conjurations
   430 | D:1      | Reached XP level 3. HP: 19/19 MP: 3/9
  1261 | D:2      | Noticed a bullfrog
  1269 | D:2      | Killed a bullfrog
  1269 | D:2      | Reached XP level 4. HP: 11/24 MP: 6/12
  1477 | D:2      | Learned a level 4 spell: Fulminant Prism
  1482 | D:2      | Learned a level 4 spell: Iskenderun's Mystic Blast
  1748 | D:2      | Reached skill level 6 in Conjurations
  1748 | D:2      | Reached XP level 5. HP: 28/28 MP: 8/14
  1808 | D:2      | Reached skill level 5 in Spellcasting
  2608 | D:3      | Gained mutation: Your magical capacity is low. (-10% MP)
                  | [potion of mutation]
  2608 | D:3      | Gained mutation: Your system is resistant to poisons.
                  | (rPois) [potion of mutation]
  2608 | D:3      | Gained mutation: You expend magic power (3 MP) to
                  | strengthen your wands. [potion of mutation]
  2648 | D:3      | Noticed Sigmund
  2717 | D:3      | Killed from afar by Sigmund

Illustrated notes

Levels and vault maps discovered:
D:1:      psy_arrival_radial01, layout_basic
D:2:      layout_basic, small_statue_intersection, minmay_small_reverse_x
D:3:      layout_rooms, palyth_stone_intersect, uniq_sigmund

Skill      XL: |  1  2  3  4  5 |
---------------+----------------+-----
Conjurations   | 5 6 |  6.4
Spellcasting   | 4 5 |  5.6
Dodging        | |  2.7
Stealth        | |  2.5

Action                   |  1- 3 |  4- 6 || total
-------------------------+-------+-------++-------
Melee: Dagger            |     5 |     1 ||     6
       Spear             |     4 |       ||     4
 Cast: Magic Dart        |    38 |    57 ||    95
       Fulminant Prism   |       |    10 ||    10
       Iskenderun's Myst |       |     3 ||     3
  Use: Scroll            |     3 |    10 ||    13
       Potion            |       |     2 ||     2
 Stab: Sleeping          |     2 |       ||     2
Armor: Robe              |     3 |     1 ||     4
Dodge: Dodged            |     8 |     8 ||    16

Table legend: (Time is in decaauts)
 A = Elapsed time spent in this place.
 B = Non-inter-level travel time spent in this place.
 C = Inter-level travel time spent in this place.
 D = Time resting spent in this place.
 E = Time spent auto-exploring this place.
 F = Levels seen in this place.
 G = Mean time per level.
                   A        B        C        D        E       F      G
               +--------+--------+--------+--------+--------+-----+--------+
         Total |   2714 |   2581 |    133 |    993 |   1281 |   3 |  904.7 |
       Dungeon |   2714 |   2581 |    133 |    993 |   1281 |   3 |  904.7 |
               +--------+--------+--------+--------+--------+-----+--------+

Top non-repeatable levels by time:
     D:1: 1212 daAuts
     D:2: 1152 daAuts
     D:3: 350 daAuts
